 Dungeon Crawl Stone Soup version 0.27-a0-1149-g4505690ab0 (webtiles) character file.

Game seed: 5711843915211089759

291 leviel the Chopper (level 6, -4/55 HPs)
             Began as a Minotaur Fighter on May 12, 2021.
             Killed by divine providence
             ... invoked by an orc priest
              (16 damage)
             ... on level 4 of the Dungeon.
             The game lasted 00:03:30 (3603 turns).

leviel the Chopper (Minotaur Fighter)               Turns: 3603, Time: 00:03:31

Health: -4/55      AC:  7    Str: 22    XL:     6   Next: 10%
Magic:  5/5        EV:  7    Int:  5    God:
Gold:   93         SH: 10    Dex: 10    Spells: 5/5 levels left

rFire    . . .     SeeInvis .   a - +0 war axe
rCold    . . .     Faith    .   c - +0 kite shield
rNeg     . . .     Spirit   .   b - +0 scale mail
rPois    .         Reflect  .   (helmet restricted)
rElec    .         Harm     .   (no cloak)
rCorr    .         Rampage  .   (no gloves)
Will     .....                  (no boots)
Stlth    ..........             (no amulet)
HPRegen  0.18/turn              (no ring)
MPRegen  0.09/turn              (no ring)

@: no status effects
A: horns 2, retaliatory headbutt
a: no special abilities


You were on level 4 of the Dungeon.
You visited 1 branch of the dungeon, and saw 4 of its levels.

You collected 93 gold pieces.

Inventory:

Hand Weapons
 a - a +0 war axe (weapon)
Armour
 b - a +0 scale mail (worn)
 c - a +0 kite shield (worn)
Wands
 k - a wand of iceblast (7)
Scrolls
 e - 5 scrolls of teleportation {unknown}
 g - 2 scrolls of enchant armour {unknown}
 i - 2 scrolls of enchant weapon {unknown}
 l - 2 scrolls of fear {unknown}
 o - a scroll of identify {unknown}
 p - a scroll of noise {unknown}
Potions
 d - 4 potions of might
 f - 3 potions of heal wounds {unknown}
 h - a potion of flight {unknown}
 j - a potion of lignification {unknown}
 m - 2 potions of brilliance {unknown}
 n - a potion of haste {unknown}


   Skills:
 + Level 4.8 Fighting
 * Level 5.2 Axes
 + Level 4.8 Armour
 + Level 4.9 Shields


You had 5 spell levels left.
You didn't know any spells.
Your spell library was empty.

Dungeon Overview and Level Annotations

Branches:
Dungeon (4/15)
 Temple: D:4-7

Altars:


Innate Abilities, Weirdness & Mutations

You have a pair of horns on your head.
You reflexively headbutt those who attack you in melee.


Message History

The orc wizard flickers and vanishes!
Deactivating autopickup; reactivate with Ctrl-A.
Things that are here:
a +0 short sword of protection; an orc corpse You barely miss something.
Something hits you but does no damage.
The orc priest invokes the aid of Beogh against you.
Beogh smites you!
You closely miss something. You headbutt something. Something hits you.
The orc wizard casts a spell at itself.
The orc wizard flickers and vanishes!
Something hits you but does no damage.
You miss something. You headbutt something. Something hits you.
A worm comes into view.
You closely miss something. Something hits you but does no damage.
You hear some strange, mumbled words.
A magic dart appears from out of thin air!
The magic dart hits you.
You miss something.
You hear some strange, mumbled words.
Something tries to affect you, but you resist.
You miss something. Something hits you.
* * * LOW HITPOINT WARNING * * *
You block something's attack.
You closely miss something. Your headbutt misses something.
The orc priest begins to cast a cantrip, but forgets the words!
Something hits you but does no damage.
You closely miss something. Something hits you.
* * * LOW HITPOINT WARNING * * *
Something hits you.
* * * LOW HITPOINT WARNING * * *
You slash something!
Reactivating autopickup.
You feel a bit more experienced. The orc barely misses you.
Unknown command.
You barely miss the orc. You headbutt the orc!
You kill the orc!
The orc priest calls down the wrath of Beogh upon you.
You barely resist.
The orc priest mumbles some strange prayers to Beogh against you.
Beogh smites you!
You die...

..# ..# ..# ..# ..#
#..#######..#
#.{wo)@.....###########
##.######..............
#.##########...
###.####..†......
#######........#####...
........#.###### #...
#########.# ###. #.#
########. #.# .........


You could see a worm and an orc priest.

Vanquished Creatures
  A scorpion (D:4)
  Jessica (D:2)
  Terence (D:2)
  An orc wizard (D:4)
  A hound skeleton (D:4)
  6 adders
  3 dart slugs
  13 orcs
  A bat (D:2)
  6 endoplasms
  5 giant cockroaches
  6 goblins
  8 hobgoblins
  2 jackals (D:3)
  5 kobolds
  4 quokkas
  6 ball pythons
  3 frilled lizards
  2 rats (D:2)
75 creatures vanquished.

Notes
Turn   | Place    | Note
-------+----------+-------------------------------------------
     0 | D:1      | leviel the Minotaur Fighter began the quest for the Orb.
     0 | D:1      | Reached XP level 1. HP: 19/19 MP: 0/0
   328 | D:1      | Reached XP level 2. HP: 27/27 MP: 1/1
   461 | D:1      | Reached skill level 3 in Axes
   709 | D:1      | Found a faded altar of an unknown god.
  1310 | D:2      | Reached XP level 3. HP: 33/33 MP: 2/2
  1578 | D:2      | Noticed Terence
  1582 | D:2      | Noticed Jessica
  1585 | D:2      | Killed Terence
  1586 | D:2      | Reached XP level 4. HP: 27/40 MP: 3/3
  1588 | D:2      | Killed Jessica
  1589 | D:2      | Reached skill level 4 in Axes
  2295 | D:2      | Reached XP level 5. HP: 47/47 MP: 4/4
  3407 | D:4      | Reached skill level 5 in Axes
  3593 | D:4      | Reached XP level 6. HP: 34/55 MP: 5/5
  3603 | D:4      | Killed from afar by an orc priest

Illustrated notes

Levels and vault maps discovered:
D:1:      mrwooster_arrival_statue_3, layout_basic,
          shapermc_ecumenical_altar_mp_vishouse, serial_rivers,
          chequers_serial_rivers_micro_e, chequers_serial_rivers_room_a,
          chequers_serial_rivers_small_3, chequers_serial_rivers_large_b
D:2:      minmay_razor_zed, layout_loops_ring, minivault_14, chequers_arboretum,
          uniq_jessica, uniq_terence
D:3:      layout_rooms
D:4:      layout_loops_ring, grunt_temple_overflow_champion_of_chaos

Skill      XL: |  1  2  3  4  5 |
---------------+----------------+-----
Axes           | 3 4 5 |  5.2
Fighting       | 4 |  4.8
Shields        | 4 |  4.9
Armour         | 4 |  4.8

Action                   |  1- 3 |  4- 6 || total
-------------------------+-------+-------++-------
Melee: War axe           |    50 |   113 ||   163
       Headbutt          |     7 |    18 ||    25
Armor: Scale mail        |    11 |    35 ||    46
Dodge: Dodged            |    12 |    33 ||    45
Block: Kite shield       |    23 |    76 ||    99

Table legend: (Time is in decaauts)
 A = Elapsed time spent in this place.
 B = Non-inter-level travel time spent in this place.
 C = Inter-level travel time spent in this place.
 D = Time resting spent in this place.
 E = Time spent auto-exploring this place.
 F = Levels seen in this place.
 G = Mean time per level.
                   A        B        C        D        E       F      G
               +--------+--------+--------+--------+--------+-----+--------+
         Total |   3716 |   3667 |     49 |    430 |   2800 |   4 |  929.0 |
       Dungeon |   3716 |   3667 |     49 |    430 |   2800 |   4 |  929.0 |
               +--------+--------+--------+--------+--------+-----+--------+

Top non-repeatable levels by time:
     D:2: 1546 daAuts
     D:3: 1007 daAuts
     D:1: 914 daAuts
     D:4: 247 daAuts
